 Dungeon Crawl Stone Soup version 0.31.0-32-g396128a36d (webtiles) character file.

Game seed: 4197603932685956440

11300 Teroscates the Basher (level 11, 0/105 HPs)
             Began as a Minotaur Berserker on Mar 25, 2024.
             Was an Elder of Trog.
             Slain by a komodo dragon (20 damage)
             ... on level 1 of the Lair of Beasts.
             The game lasted 01:27:30 (9604 turns).

Teroscates the Basher (Minotaur Berserker)          Turns: 9604, Time: 01:27:30

Health: 0/105      AC: 18    Str: 32    XL:     11   Next: 47%
Magic:  10/10      EV:  9    Int:  4    God:    Trog [****..]
Gold:   510        SH:  0    Dex: 20    Spells: 10/10 levels left

rFire   + . .        K - +5 mace
rCold   + . .        I - +0 kite shield
rNeg    . . .        M - +0 plate armour
rPois   +            (helmet restricted)
rElec   +            (no cloak)
rCorr   +            c - +1 pair of gloves of Protective Custody {Fly Regen+ Dex+4}
SInv    .            J - +0 pair of boots
Will    .....        (no amulet) Stlth
                     r - +6 ring of strength
HPRegen 1.17/turn    n - +6 ring of dexterity
MPRegen 0.12/turn

%: no passive effects
@: confused, lethally poisoned (0 -> 0), resistant, ambrosia-drunk, flying
A: horns 2, retaliatory headbutt
a: Renounce Religion, Berserk, Trog's Hand, Brothers in Arms


You were on level 1 of the Lair of Beasts.
You worshipped Trog.
Trog was greatly pleased with you.
You visited 2 branches of the dungeon, and saw 9 of its levels.

You collected 510 gold pieces.

Inventory:

Hand Weapons
 a - a +2 whip of freezing
 f - a +1 spear of freezing
 j - a +6 heavy shortbow
 q - a +3 orcbow of flaming
 t - a +1 mace of draining
 F - the +8 hand axe of Teroscates's Peril {holy, Int+7}
   (You took it off an orc on level 5 of the Dungeon)

   Int+7:     It affects your intelligence (+7).
 H - a +0 vampiric dagger
 K - a +5 mace (weapon)
Missiles
 k - 3 throwing nets
 w - 12 poisoned darts (quivered)
 y - 5 boomerangs
Armour
 c - the +1 pair of gloves of Protective Custody (worn) {Fly Regen+ Dex+4}
   (You acquired it on level 8 of the Dungeon)

   Dex+4:     It affects your dexterity (+4).
   Fly:       It grants you flight.
   Regen+:    It increases your rate of health regeneration.
 G - a +3 leather armour
 I - a +0 kite shield (worn)
 J - a +0 pair of boots (worn)
 L - a +1 ring mail of fire resistance
 M - a +0 plate armour (worn)
Jewellery
 e - a ring of ice
 n - a +6 ring of dexterity (right hand)
 r - a +6 ring of strength (left hand)
 u - a ring of see invisible
Wands
 z - a wand of charming (18)
 B - a wand of roots (21)
 O - a wand of polymorph (8)
 U - a wand of flame (5)
Scrolls
 b - 4 scrolls of fog
 g - 4 scrolls of teleportation
 o - a scroll of silence
 p - 2 scrolls of noise
 x - a scroll of torment
 A - a scroll of enchant weapon
 D - a scroll of revelation
 E - a scroll of fear
 P - a scroll of vulnerability {unknown}
 R - a scroll of blinking {unknown}
 S - a scroll of amnesia {unknown}
Potions
 d - 2 potions of haste {unknown}
 h - a potion of invisibility {unknown}
 m - a potion of attraction
 s - a potion of enlightenment {unknown}
 v - a potion of magic
 N - a potion of curing {unknown}
 Q - 2 potions of berserk rage {unknown}


   Skills:
 + Level 12.6 Fighting
 - Level 4.0(9.8) Axes
 - Level 13.7(14.0) Maces & Flails
 - Level 10.0 Armour
 - Level 2.6 Dodging
 * Level 6.2 Shields


You had 10 spell levels left.
You didn't know any spells.
Your spell library contained the following spells:

 Spells                   Type           Power      Damage    Failure   Level
 Summon Small Mammal      Summ           0%         N/A       99%         1
 Call Canine Familiar     Summ           0%         N/A       100%        3
 Dazzling Flash           Conj/Hex       0%         N/A       100%        3
 Mephitic Cloud           Conj/Alch/Air  0%         N/A       100%        3
 Summon Blazeheart Golem  Fire/Summ      0%         N/A       100%        4
 Curse of Agony           Necr           0%         N/A       100%        5
 Silence                  Hex/Air        0%         N/A       100%        5


Dungeon Overview and Level Annotations

Branches:
Dungeon (8/15)             Temple (0/1) D:6            Lair (1/5) D:8

Altars:
Cheibriados
Dithmenos
Gozag
Hepliaklqana
Nemelex Xobeh
Trog
Xom
Yredelemnul

Shops:
D:7 ?


Innate Abilities, Weirdness & Mutations

You have a pair of horns on your head.
You reflexively headbutt those who attack you in melee.


Message History

The cane toad attacks as it pursues you!
The cane toad stings you!
You are more poisoned.
The cane toad poisons you!
You feel extremely sick.
You feel very sick. The cane toad misses you. You furiously retaliate!
You headbutt the cane toad!
You kill the cane toad!
Trog accepts your kill.
Aiming: Charm
Press: ? - help, Q - select action, (/) - cycle Shift-Dir - straight line, f - komodo dragon
Aim: a komodo dragon (chance to affect: 31%)
The komodo dragon easily resists.
You feel very sick.
You fail to use your ability.
You feel very sick. The komodo dragon bites you!!
* * * LOW HITPOINT WARNING * * *
It was a potion of ambrosia.
You are confused.
You feel invigorated.
You feel very sick.
The komodo dragon bites you but does no damage.
You are too confused!
It was a potion of heal wounds.
You feel much better.
You feel sick.
Okay, then.
It was a potion of resistance.
You feel protected.
You feel sick. The komodo dragon barely misses you.
Okay, then.
Non-targeted confused throw: 12 darts (poison)
Press: ? - help, Q - select action, (/) - cycle Dir - look around, f - activate Look: a komodo dragon
Okay, then.
You bump into the rock wall.
You feel sick. The komodo dragon bites you.
* * * LOW HITPOINT WARNING * * *
The komodo dragon bites you!
* * * LOW HITPOINT WARNING * * *
You feel sick. The komodo dragon bites you!!
You die...

..## ###................P###...#.
...### #.......##.........#..P##.
.....###..#...#.......##...#...P.
.........###..#.......P##.......P
..........#.......###..###..##..#
##.....##........## ##..#.#####.#
#.#...####..#....# ###..#.# #..
###...# #.......####....#.# #..
####...# .......@.##..#...## #.
.# #......#####.ll.†#####.### #.
.##....# .# ###.#.# ##...#####
....# #. #.### #..>...#.. ###.#
#.## #†## #####......# #
#..#####..###.⌠.##.#...# .
#..##...##.......##...# #.
#.#.#...#....⌠....##.#. #.#
###.....##...#..##...##.#


You could see 2 komodo dragons.

Vanquished Creatures
  4 death yaks (Lair:1)
  A tengu warrior (D:8)
  Pikel (D:5)
  A manticore (D:8)
  A deep elf pyromancer (D:8)
  Joseph (D:8)
  4 cane toads (Lair:1)
  A tengu conjurer (D:8)
  Grinder (D:5)
  2 wyverns
  4 yaks (Lair:1)
  2 basilisks (Lair:1)
  9 water moccasins
  A black bear (Lair:1)
  3 orc warriors
  3 ice beasts
  A centaur (D:6)
  8 wolves (Lair:1)
  An ogre (D:7)
  A phantom (D:5)
  A kobold brigand (D:8)
  4 bullfrogs
  A gnoll sergeant (D:6)
  A wyvern zombie (D:6)
  4 scorpions
  6 wights (D:6)
  A howler monkey (D:5)
  2 jellies
  4 bullfrog zombies (D:6)
  A bombardier beetle (D:3)
  5 orc priests
  A gnoll bouda (D:4)
  A sleepcap (D:8)
  Ijyb (D:3)
  An iguana (D:4)
  The ghost of flammie80 the Trooper, a weakling FoMo (D:5)
  7 gnolls
  10 adders
  A shadow imp (D:6)
  A white imp (D:8)
  2 ufetubi (D:7)
  2 dart slugs
  2 ribbon worms
  26 orcs
  8 ball pythons
  8 endoplasms
  4 giant cockroaches
  5 goblins
  8 hobgoblins
  10 kobolds
  2 quokkas (D:2)
  5 bats
  7 frilled lizards
  6 rats
199 creatures vanquished.

Vanquished Creatures (collateral kills)
  A bullfrog zombie (D:6)
1 creature vanquished.

Vanquished Creatures (others)
  An arcanist (D:3)
1 creature vanquished.

Grand Total: 201 creatures vanquished

Notes
Turn   | Place    | Note
-------+----------+-------------------------------------------
     0 | D:1      | Teroscates the Minotaur Berserker began the quest for the
                  | Orb.
     0 | D:1      | Reached XP level 1. HP: 19/19 MP: 0/0
    79 | D:1      | Reached XP level 2. HP: 26/27 MP: 1/1
    83 | D:1      | Reached skill level 4 in Maces & Flails
   103 | D:1      | Found a faded altar of an unknown god.
   105 | D:1      | Noticed a glass eye
   106 | D:1      | Noticed a shining eye
   106 | D:1      | Noticed a shining eye
   106 | D:1      | Noticed a great orb of eyes
   573 | D:1      | Reached ** piety under Trog
   609 | D:1      | Reached XP level 3. HP: 33/33 MP: 2/2
   759 | D:1      | Found Pet Pudu's Antique Armour Shop.
  1344 | D:2      | Reached XP level 4. HP: 40/41 MP: 3/3
  1649 | D:3      | Found a bloodstained altar of Trog.
  1653 | D:3      | Noticed a wizard
  1658 | D:3      | Killed a wizard
  1904 | D:3      | Reached skill level 5 in Maces & Flails
  1978 | D:3      | Reached XP level 5. HP: 47/47 MP: 4/4
  2050 | D:3      | Noticed Ijyb
  2056 | D:3      | Killed Ijyb
  2350 | D:3      | Found a shadowy altar of Dithmenos.
  2457 | D:3      | Found a shimmering altar of Xom.
  2470 | D:3      | Reached skill level 6 in Maces & Flails
  2660 | D:4      | Reached *** piety under Trog
  2668 | D:4      | Found a hazy altar of Hepliaklqana.
  2813 | D:4      | Reached XP level 6. HP: 52/55 MP: 5/5
  2992 | D:4      | Found a snail-covered altar of Cheibriados.
  3321 | D:5      | Entered Level 5 of the Dungeon
  3335 | D:5      | Reached skill level 7 in Maces & Flails
  3681 | D:5      | Noticed a water moccasin
  3689 | D:5      | Killed a water moccasin
  3690 | D:5      | Reached skill level 5 in Fighting
  3690 | D:5      | Reached XP level 7. HP: 40/61 MP: 6/6
  4006 | D:5      | Reached skill level 8 in Maces & Flails
  4006 | D:5      | Reached skill level 5 in Armour
  4022 | D:5      | Found a runed translucent gate.
  4024 | D:5      | Found a runed translucent gate.
  4025 | D:5      | Found a runed translucent gate.
  4025 | D:5      | Noticed flammie80's ghost (weakling FoMo)
  4026 | D:5      | Identified the +8 hand axe of Teroscates's Peril {holy,
                  | Int+7}
  4049 | D:5      | Killed flammie80's ghost
  4165 | D:5      | Identified a scroll of acquirement
  4268 | D:5      | Noticed Pikel
  4282 | D:5      | Killed Pikel
  4283 | D:5      | Reached XP level 8. HP: 39/70 MP: 7/7
  4525 | D:5      | Reached skill level 9 in Maces & Flails
  4581 | D:5      | Noticed Grinder
  4582 | D:5      | Paralysed by Grinder for 5 turns
  4591 | D:5      | Killed Grinder
  5354 | D:6      | Found a staircase to the Ecumenical Temple.
  5593 | D:6      | Reached XP level 9. HP: 78/78 MP: 8/8
  5719 | D:6      | HP: 2/73 [centaur/arrow (11)]
  6061 | D:6      | Reached skill level 10 in Maces & Flails
  6231 | D:6      | Found a basalt altar of Yredelemnul.
  7103 | D:7      | Found a sparkling altar of Nemelex Xobeh.
  7103 | D:7      | Found an opulent altar of Gozag.
  7323 | D:7      | Found Corouzixa's Magic Scroll Shop.
  7509 | D:8      | Noticed Joseph
  7523 | D:8      | Killed Joseph
  7523 | D:8      | Reached **** piety under Trog
  7524 | D:8      | Reached skill level 11 in Maces & Flails
  7524 | D:8      | Reached skill level 10 in Armour
  7931 | D:8      | Reached XP level 10. HP: 68/88 MP: 9/9
  7958 | D:8      | Acquired the +1 pair of gloves of Protective Custody {Fly
                  | Regen+ Dex+4}
  8049 | D:8      | Reached skill level 12 in Maces & Flails
  8096 | D:8      | Noticed a tengu warrior
  8117 | D:8      | Killed a tengu warrior
  8175 | D:8      | Found a staircase to the Lair.
  8225 | D:8      | Noticed a manticore
  8235 | D:8      | Killed a manticore
  8245 | D:8      | Noticed a deep elf pyromancer
  8276 | D:8      | Killed a deep elf pyromancer
  8277 | D:8      | Reached skill level 13 in Maces & Flails
  8570 | D:8      | Identified the +1 robe of Insurance {Str+2 Int+2}
  8720 | Lair:1   | Entered Level 1 of the Lair of Beasts
  8828 | Lair:1   | Noticed a cane toad
  8843 | Lair:1   | Killed a cane toad
  8942 | Lair:1   | Noticed a cane toad
  8956 | Lair:1   | Reached skill level 1 in Shields
  8958 | Lair:1   | Killed a cane toad
  8959 | Lair:1   | Reached skill level 10 in Fighting
  9305 | Lair:1   | Reached XP level 11. HP: 101/101 MP: 10/10
  9344 | Lair:1   | Noticed a death yak
  9373 | Lair:1   | Killed a death yak
  9401 | Lair:1   | Noticed a death yak
  9402 | Lair:1   | Noticed a death yak
  9402 | Lair:1   | Noticed a death yak
  9429 | Lair:1   | Killed a death yak
  9434 | Lair:1   | Killed a death yak
  9435 | Lair:1   | Reached skill level 5 in Shields
  9442 | Lair:1   | Killed a death yak
  9599 | Lair:1   | HP: 4/105 [komodo dragon (22)]
  9604 | Lair:1   | Slain by a komodo dragon

Illustrated notes

Levels and vault maps discovered:
D:1:      onia_arrival_mini_spirals, layout_loops_corners, serial_shops,
          nicolae_shop_tiny_glass, hellmonk_ecumenical_altar_watching_god,
          minmay_domino_2
D:2:      layout_rooms
D:3:      layout_basic, trog_wizard, lemuel_round_altar,
          nicolae_dithmenos_the_darkroom, kennysheep_orc_chapel, uniq_ijyb
D:4:      layout_cave_pools, mainiacjoe_overflow_brackets, marbit_many_paths
D:5:      layout_loops_corners, biasface_ghost_orc_armoury, uniq_pikel,
          uniq_grinder
D:6:      layout_gridville, nicolae_yredelemnul_corpse_copse,
          minmay_temple_entry_statues_fountains, sword_in_stone
D:7:      layout_basic, grunt_temple_overflow_opulence, serial_shops,
          nicolae_shop_rolled_up
D:8:      minmay_evil_eye, layout_basic, lair_entry_dummy,
          minmay_diamond_spiral, uniq_joseph
Lair:1:   layout_layer_cave, grunt_megastairs_5

Skill      XL: |  1  2  3  4  5  6  7  8  9 10 11 |
---------------+----------------------------------+-----
Maces & Flails | 4 5 6 7 8 9 11 13 | 13.7
Fighting       | 4 5 6 8 10 12 | 12.6
Armour         | 3 4 6 8 10 | 10.0
Axes           | 2 4 |  4.0
Shields        | 3 6 |  6.2
Dodging        | |  2.6

Action                     |  1- 3 |  4- 6 |  7- 9 | 10-12 || total
---------------------------+-------+-------+-------+-------++-------
  Melee: Mace              |    81 |   108 |   113 |   209 ||   511
         Headbutt          |    12 |    12 |    44 |    53 ||   121
         Punch             |       |     2 |     1 |     1 ||     4
         Hand axe          |       |       |    42 |       ||    42
         Whip              |       |       |    60 |       ||    60
  Throw: Dart              |       |       |     2 |     9 ||    11
 Invoke: Berserk           |       |     2 |     3 |     3 ||     8
         Trog's Hand       |       |       |     2 |     1 ||     3
  Evoke: Wand              |       |       |     1 |     1 ||     2
    Use: Scroll            |       |     1 |     6 |     4 ||    11
         Potion            |       |     1 |       |     3 ||     4
 Armour: Animal skin       |     8 |       |       |       ||     8
         Ring mail         |    38 |     3 |       |       ||    41
         Scale mail        |       |    73 |    90 |       ||   163
         Plate armour      |       |       |    49 |   152 ||   201
  Dodge: Dodged            |    57 |    55 |    80 |    54 ||   246
  Block: Kite shield       |       |       |       |    34 ||    34
